[ AOE2 MATCH · #469076174 ]
UnrankedTeutons vs Portuguese
[ REPLAY ANALYSIS · EXTRACTED FROM THE RECORDED GAME ]
Feudal
18:59
Castle
—
Imperial
—
| APM avg | 13.8 |
| APM peak | 54 |
| eAPM avg | 5.7 |
| Villagers / military | 48 / 7 |
Focus
⚔️ 19.1% · 🌾 80.9%
Militia ×4 · Archer ×3
Feudal
8:31
Castle
15:37
Imperial
27:13
| APM avg | 24.8 |
| APM peak | 92 |
| eAPM avg | 17.8 |
| Villagers / military | 145 / 1161 |
Focus
⚔️ 50.2% · 🌾 49.8%
Spearman ×422 · Scout Cavalry ×279 · Knight ×178 · Mangonel ×110 · Militia ×106 · Trade Cart ×47
Feudal
—
Castle
—
Imperial
—
| APM avg | 14.0 |
| APM peak | 61 |
| eAPM avg | 13.0 |
| Villagers / military | 74 / 593 |
Focus
⚔️ 71.9% · 🌾 28.1%
Knight ×502 · Organ Gun ×88 · Scout Cavalry ×3
Feudal
8:17
Castle
12:39
Imperial
18:39
| APM avg | 34.8 |
| APM peak | 80 |
| eAPM avg | 23.2 |
| Villagers / military | 238 / 583 |
Focus
⚔️ 37.7% · 🌾 62.3%
Spearman ×364 · Elephant Archer ×153 · Battle Elephant ×63 · Monk ×1 · Hand Cannoneer ×1 · Urumi Swordsman ×1
Feudal
14:28
Castle
25:18
Imperial
32:49
| APM avg | 25.5 |
| APM peak | 70 |
| eAPM avg | 16.4 |
| Villagers / military | 142 / 480 |
Focus
⚔️ 61.8% · 🌾 38.2%
Mameluke ×213 · Scout Cavalry ×201 · Archer ×62 · Militia ×3 · Trebuchet (Packed) ×1
Feudal
9:01
Castle
11:16
Imperial
19:34
| APM avg | 38.5 |
| APM peak | 100 |
| eAPM avg | 30.0 |
| Villagers / military | 120 / 1079 |
Focus
⚔️ 67.0% · 🌾 33.0%
Spearman ×617 · Serjeant ×342 · Battering Ram ×49 · Mangonel ×44 · Scorpion ×14 · Trade Cart ×13
Feudal
9:47
Castle
14:39
Imperial
22:59
| APM avg | 17.4 |
| APM peak | 44 |
| eAPM avg | 11.2 |
| Villagers / military | 104 / 524 |
Focus
⚔️ 49.5% · 🌾 50.5%
Spearman ×202 · Knight ×108 · Hand Cannoneer ×82 · Organ Gun ×54 · Skirmisher ×25 · Scout Cavalry ×15
Feudal
7:23
Castle
21:26
Imperial
31:34
| APM avg | 20.2 |
| APM peak | 55 |
| eAPM avg | 14.2 |
| Villagers / military | 93 / 398 |
Focus
⚔️ 55.9% · 🌾 44.1%
War Elephant ×281 · Scout Cavalry ×65 · Camel Scout ×47 · Trade Cart ×20 · Cavalry Archer ×3 · Monk ×1
Match map
Initial resources + every placement click. Lines = walls · curves = elevation contours. ◆ gold · ⬟ stone · ● berries · ✦ relic · ◌ wall gap
Your base· Open — unwalled flank
Jan301198's base· Open — 8t gap
DoubleLime3966's base· Open — unwalled flank
Dealer21's base· Open — unwalled flank
1176395837's base· Open — unwalled flank
Bestio's base· Open — unwalled flank
Svel Ondska's base· Open — unwalled flank
kyo00113's base· Open — 13t gap
Smoothed initial terrain · ◌ = detected wall gap · hover for details
Inputs per minute
— AchtungMamba - - Jan301198
Build order — AchtungMamba
100 actions detected in the replay
| 0:37 | Build | Town Center |
| 2:24 | Create | Villager (Male) |
| 2:24 | Create | Villager (Male) |
| 3:24 | Build | House |
| 3:59 | Build | Palisade Wall |
| 4:03 | Create | Villager (Male) |
| 4:04 | Create | Villager (Male) |
| 4:04 | Create | Villager (Male) |
| 4:04 | Create | Villager (Male) |
| 5:42 | Create | Villager (Male) |
| 5:42 | Create | Villager (Male) |
| 6:06 | Build | Palisade Wall |
| 6:19 | Create | Villager (Male) |
| 6:20 | Create | Villager (Male) |
| 6:36 | Create | Villager (Male) |
| 6:56 | Create | Villager (Male) |
| 7:37 | Create | Villager (Male) |
| 7:54 | Build | House |
| 8:03 | Create | Villager (Male) |
| 8:03 | Create | Villager (Male) |
| 8:26 | Create | Villager (Male) |
| 8:26 | Create | Villager (Male) |
| 8:55 | Build | Palisade Wall |
| 8:56 | Build | Palisade Wall |
| 9:12 | Create | Villager (Male) |
| 9:12 | Create | Villager (Male) |
| 9:13 | Create | Villager (Male) |
| 9:51 | Build | House |
| 10:04 | Build | Barracks |
| 10:37 | Create | Villager (Male) |
| 10:38 | Create | Villager (Male) |
| 10:44 | Create | Militia |
| 10:44 | Create | Militia |
| 10:50 | Build | Palisade Wall |
| 10:53 | Create | Villager (Male) |
| 10:58 | Build | House |
| 12:15 | Create | Villager (Male) |
| 12:16 | Create | Villager (Male) |
| 12:16 | Create | Villager (Male) |
| 12:48 | Create | Militia |
| 12:48 | Create | Militia |
| 13:40 | Build | Palisade Wall |
| 13:50 | Create | Villager (Male) |
| 13:50 | Create | Villager (Male) |
| 14:36 | Build | House |
| 14:50 | Create | Villager (Male) |
| 15:13 | Build | Palisade Wall |
| 15:14 | Build | Palisade Wall |
| 15:39 | Build | Mill |
| 15:57 | Build | House |
| 15:58 | Build | House |
| 16:02 | Build | Palisade Wall |
| 16:23 | Create | Villager (Male) |
| 16:23 | Create | Villager (Male) |
| 16:23 | Create | Villager (Male) |
| 16:24 | Create | Villager (Male) |
| 17:08 | Build | Palisade Wall |
| 17:35 | Research | Feudal Age |
| 17:53 | Build | Farm |
| 17:54 | Build | Farm |
| 17:55 | Build | Farm |
| 17:56 | Build | Farm |
| 17:57 | Build | Farm |
| 18:06 | Build | Mill |
| 18:59 | Age | Feudal Age |
| 19:43 | Build | Mining Camp |
| 19:55 | Build | Watch Tower |
| 20:09 | Research | Horse Collar |
| 20:15 | Create | Villager (Male) |
| 20:15 | Create | Villager (Male) |
| 20:16 | Create | Villager (Male) |
| 20:16 | Create | Villager (Male) |
| 20:16 | Create | Villager (Male) |
| 21:08 | Build | Market |
| 21:12 | Build | Blacksmith |
| 21:16 | Research | Wheelbarrow |
| 22:23 | Create | Villager (Male) |
| 22:23 | Create | Villager (Male) |
| 22:23 | Create | Villager (Male) |
| 22:42 | Create | Villager (Male) |
| 22:42 | Create | Villager (Male) |
| 22:47 | Research | Man-at-Arms (upgrade) |
| 22:48 | Research | Arson |
| 23:55 | Build | Watch Tower |
| 24:16 | Create | Villager (Male) |
| 24:16 | Create | Villager (Male) |
| 24:16 | Create | Villager (Male) |
| 24:16 | Create | Villager (Male) |
| 24:16 | Create | Villager (Male) |
| 24:43 | Build | Farm |
| 25:20 | Build | Watch Tower |
| 25:57 | Build | Watch Tower |
| 27:42 | Build | Barracks |
| 28:15 | Build | Archery Range |
| 28:16 | Build | Stable |
| 29:07 | Build | Mining Camp |
| 29:12 | Create | Archer |
| 29:12 | Create | Archer |
| 29:12 | Create | Archer |
| 29:27 | Build | Watch Tower |
Build order — Jan301198
First 150 of 578 actions detected
| 0:15 | Build | Town Center |
| 0:30 | Build | House |
| 0:31 | Build | House |
| 1:25 | Create | Villager (Male) ×4 |
| 3:53 | Create | Villager (Male) ×5 |
| 3:53 | Create | Villager (Male) |
| 6:37 | Build | Lumber Camp |
| 6:44 | Create | Villager (Male) |
| 7:11 | Build | Mill |
| 7:15 | Create | Villager (Male) |
| 7:33 | Research | Feudal Age |
| 8:31 | Age | Feudal Age |
| 8:35 | Build | Farm |
| 8:35 | Build | Farm |
| 9:02 | Build | Farm |
| 9:06 | Build | Farm |
| 9:12 | Research | Wheelbarrow |
| 9:18 | Create | Villager (Male) ×5 |
| 9:37 | Research | Double-Bit Axe |
| 10:15 | Build | House |
| 10:18 | Build | House |
| 10:21 | Build | House |
| 10:24 | Build | House |
| 11:39 | Research | Horse Collar |
| 11:41 | Build | Watch Tower |
| 11:44 | Build | Market |
| 11:53 | Build | Blacksmith |
| 12:29 | Create | Villager (Male) ×5 |
| 12:52 | Build | Farm |
| 12:52 | Build | Farm |
| 12:52 | Build | Farm |
| 12:56 | Build | Farm |
| 12:59 | Build | Farm |
| 13:01 | Build | Farm |
| 13:42 | Build | Farm |
| 13:53 | Research | Castle Age |
| 13:58 | Build | Farm |
| 14:09 | Build | Lumber Camp |
| 14:21 | Build | Farm |
| 14:38 | Build | Barracks |
| 14:44 | Build | House |
| 14:45 | Build | House |
| 15:37 | Age | Castle Age |
| 16:00 | Build | Farm |
| 16:15 | Build | Town Center |
| 16:20 | Build | Town Center |
| 16:44 | Build | Town Center |
| 16:52 | Build | Town Center |
| 17:05 | Research | Hand Cart |
| 17:14 | Create | Villager (Male) ×5 |
| 17:22 | Research | Town Watch |
| 17:24 | Create | Villager (Male) ×5 |
| 17:30 | Create | Villager (Male) ×5 |
| 18:03 | Build | Farm |
| 18:05 | Build | Farm |
| 18:07 | Create | Villager (Male) ×5 |
| 18:08 | Create | Villager (Male) ×5 |
| 18:16 | Build | Lumber Camp |
| 18:17 | Research | Bow Saw |
| 18:32 | Create | Villager (Male) ×5 |
| 18:48 | Research | Man-at-Arms (upgrade) |
| 18:49 | Research | Squires |
| 18:50 | Research | Arson |
| 19:04 | Build | Farm |
| 19:08 | Build | Farm |
| 19:20 | Create | Villager (Male) |
| 19:20 | Create | Villager (Male) |
| 19:21 | Create | Villager (Male) |
| 19:21 | Create | Villager (Male) |
| 19:21 | Create | Villager (Male) |
| 19:34 | Build | House |
| 19:35 | Build | House |
| 19:35 | Build | House |
| 19:35 | Build | House |
| 19:35 | Build | House |
| 19:36 | Build | House |
| 19:36 | Build | House |
| 19:36 | Build | House |
| 19:37 | Build | House |
| 19:37 | Build | House |
| 19:42 | Build | Farm |
| 19:46 | Build | Farm |
| 19:47 | Create | Villager (Male) |
| 19:47 | Create | Villager (Male) |
| 19:48 | Create | Villager (Male) |
| 19:48 | Create | Villager (Male) |
| 19:52 | Create | Villager (Male) ×5 |
| 19:59 | Build | Lumber Camp |
| 20:05 | Research | Long Swordsman (upgrade) |
| 20:05 | Research | Pikeman (upgrade) |
| 20:06 | Research | Gambesons |
| 20:13 | Build | Farm |
| 20:18 | Build | Farm |
| 20:22 | Build | Farm |
| 20:27 | Build | Farm |
| 20:32 | Create | Villager (Male) |
| 20:33 | Create | Villager (Male) |
| 20:33 | Create | Villager (Male) |
| 20:33 | Create | Villager (Male) |
| 20:39 | Research | Scale Mail Armor |
| 20:39 | Research | Forging |
| 20:40 | Research | Scale Barding Armor |
| 20:43 | Research | Town Patrol |
| 20:52 | Build | Barracks |
| 20:52 | Build | Barracks |
| 20:52 | Build | Barracks |
| 20:53 | Build | Barracks |
| 20:53 | Build | Barracks |
| 20:54 | Build | Barracks |
| 20:54 | Build | Barracks |
| 21:07 | Build | Town Center |
| 21:13 | Build | Farm |
| 21:14 | Build | Farm |
| 21:26 | Create | Villager (Male) |
| 21:26 | Create | Villager (Male) |
| 21:27 | Create | Villager (Male) |
| 21:27 | Create | Villager (Male) |
| 21:27 | Create | Villager (Male) |
| 21:55 | Build | Mining Camp |
| 22:15 | Research | Chain Mail Armor |
| 22:15 | Research | Chain Barding Armor |
| 22:15 | Research | Iron Casting |
| 22:23 | Build | Mining Camp |
| 22:31 | Create | Villager (Male) ×5 |
| 22:31 | Create | Villager (Male) ×5 |
| 22:32 | Create | Villager (Male) ×5 |
| 22:32 | Create | Villager (Male) ×5 |
| 22:33 | Create | Villager (Male) ×5 |
| 22:33 | Create | Villager (Male) ×5 |
| 22:42 | Build | University |
| 22:44 | Build | Monastery |
| 22:54 | Build | Stable |
| 22:54 | Build | Stable |
| 22:54 | Build | Stable |
| 22:55 | Build | Stable |
| 22:55 | Build | Stable |
| 22:55 | Build | Stable |
| 22:55 | Build | Stable |
| 23:10 | Research | Stone Mining |
| 23:10 | Research | Gold Mining |
| 23:15 | Create | Militia ×5 |
| 23:15 | Create | Militia ×5 |
| 23:15 | Create | Militia ×5 |
| 23:16 | Create | Militia ×5 |
| 23:16 | Create | Militia ×5 |
| 23:16 | Create | Militia ×5 |
| 23:29 | Build | Mining Camp |
| 24:02 | Build | Lumber Camp |
| 24:07 | Build | House |
| 24:07 | Build | House |
Build order — DoubleLime3966
First 150 of 858 actions detected
| 0:25 | Build | House |
| 0:29 | Build | House |
| 0:35 | Build | House |
| 0:41 | Build | House |
| 1:56 | Build | Town Center |
| 3:41 | Research | Loom |
| 3:42 | Create | Villager (Male) |
| 3:43 | Create | Villager (Male) |
| 3:43 | Create | Villager (Male) |
| 3:43 | Create | Villager (Male) |
| 3:44 | Create | Villager (Male) |
| 5:41 | Create | Villager (Male) |
| 5:42 | Create | Villager (Male) |
| 5:42 | Create | Villager (Male) |
| 5:42 | Create | Villager (Male) |
| 5:43 | Create | Villager (Male) |
| 5:43 | Create | Villager (Male) |
| 5:43 | Create | Villager (Male) |
| 7:12 | Create | Villager (Male) |
| 8:25 | Create | Villager (Male) |
| 8:26 | Create | Villager (Male) |
| 8:26 | Create | Villager (Male) |
| 8:27 | Create | Villager (Male) |
| 10:00 | Build | Mining Camp |
| 10:05 | Create | Villager (Male) |
| 10:32 | Build | Mill |
| 10:40 | Create | Villager (Male) |
| 10:51 | Build | Lumber Camp |
| 11:21 | Research | Feudal Age |
| 12:04 | Build | Barracks |
| 12:16 | Research | Wheelbarrow |
| 12:19 | Research | Double-Bit Axe |
| 12:45 | Build | Stone Wall |
| 12:56 | Build | Stable |
| 13:07 | Create | Villager (Male) |
| 13:07 | Create | Villager (Male) |
| 13:07 | Create | Villager (Male) |
| 13:08 | Create | Villager (Male) |
| 13:08 | Create | Villager (Male) |
| 13:35 | Build | Blacksmith |
| 13:49 | Build | Mining Camp |
| 14:06 | Build | Gate |
| 14:21 | Research | Stone Mining |
| 14:22 | Research | Gold Mining |
| 14:32 | Build | House |
| 14:36 | Build | House |
| 14:39 | Build | House |
| 14:44 | Build | House |
| 15:08 | Create | Scout Cavalry |
| 15:08 | Create | Scout Cavalry |
| 15:23 | Create | Villager (Male) |
| 15:23 | Create | Villager (Male) |
| 15:23 | Create | Villager (Male) |
| 15:26 | Create | Villager (Male) |
| 15:27 | Create | Villager (Male) |
| 16:05 | Build | Stone Wall |
| 16:22 | Build | Gate |
| 16:39 | Build | Stone Wall |
| 16:48 | Build | Gate |
| 17:07 | Research | Castle Age |
| 17:18 | Build | House |
| 17:23 | Build | House |
| 17:26 | Build | House |
| 17:48 | Build | Farm |
| 17:54 | Build | Farm |
| 17:58 | Build | Farm |
| 18:02 | Build | Farm |
| 18:06 | Build | Farm |
| 18:36 | Research | Hand Cart |
| 18:53 | Build | Farm |
| 18:59 | Build | Farm |
| 19:03 | Build | Farm |
| 19:07 | Build | Farm |
| 19:12 | Build | Farm |
| 19:17 | Build | Farm |
| 19:22 | Build | Farm |
| 19:26 | Build | Farm |
| 19:30 | Build | Farm |
| 19:36 | Create | Villager (Male) |
| 19:36 | Create | Villager (Male) |
| 19:36 | Create | Villager (Male) |
| 19:37 | Create | Villager (Male) |
| 19:37 | Create | Villager (Male) |
| 19:37 | Create | Villager (Male) |
| 19:37 | Create | Villager (Male) |
| 19:41 | Research | Bow Saw |
| 20:30 | Build | Castle |
| 20:58 | Build | Mining Camp |
| 21:18 | Build | Town Center |
| 21:47 | Create | Villager (Male) |
| 21:47 | Create | Villager (Male) |
| 21:48 | Create | Villager (Male) |
| 21:48 | Create | Villager (Male) |
| 21:48 | Create | Villager (Male) |
| 21:48 | Create | Villager (Male) |
| 21:51 | Build | Farm |
| 21:52 | Build | Farm |
| 21:53 | Build | Farm |
| 21:54 | Build | Farm |
| 22:00 | Build | Farm |
| 22:06 | Build | Farm |
| 22:11 | Build | Farm |
| 22:15 | Build | Farm |
| 22:20 | Build | Farm |
| 22:58 | Build | Mining Camp |
| 23:16 | Research | Stone Shaft Mining |
| 23:20 | Build | Farm |
| 23:21 | Build | Farm |
| 23:22 | Build | Farm |
| 23:40 | Create | Villager (Male) |
| 23:40 | Create | Villager (Male) |
| 23:41 | Create | Villager (Male) |
| 23:41 | Create | Villager (Male) |
| 23:41 | Create | Villager (Male) |
| 23:41 | Create | Villager (Male) |
| 23:42 | Create | Villager (Male) |
| 23:42 | Create | Villager (Male) |
| 23:42 | Create | Villager (Male) |
| 24:10 | Research | Imperial Age |
| 24:27 | Build | Farm |
| 25:04 | Build | Farm |
| 25:08 | Build | Farm |
| 25:17 | Research | Horse Collar |
| 25:53 | Build | Mining Camp |
| 26:18 | Build | Farm |
| 26:26 | Research | Heavy Plow |
| 26:30 | Research | Two-Man Saw |
| 26:41 | Research | Elite Organ Gun (upgrade) |
| 26:45 | Research | Cavalier (upgrade) |
| 27:09 | Create | Villager (Male) |
| 27:10 | Create | Villager (Male) |
| 27:10 | Create | Villager (Male) |
| 27:10 | Create | Villager (Male) |
| 27:10 | Create | Villager (Male) |
| 27:11 | Create | Villager (Male) |
| 27:11 | Create | Villager (Male) |
| 27:11 | Create | Villager (Male) |
| 27:11 | Create | Villager (Male) |
| 27:12 | Create | Villager (Male) |
| 27:12 | Create | Villager (Male) |
| 27:12 | Create | Villager (Male) |
| 27:13 | Create | Villager (Male) |
| 27:13 | Create | Villager (Male) |
| 27:49 | Create | Villager (Male) |
| 27:50 | Create | Villager (Male) |
| 27:50 | Create | Villager (Male) |
| 27:51 | Create | Villager (Male) |
| 27:51 | Create | Villager (Male) |
| 28:04 | Build | Lumber Camp |
| 28:27 | Create | Knight |
Build order — Dealer21
First 150 of 989 actions detected
| 0:15 | Build | Town Center |
| 1:20 | Create | Villager (Male) |
| 2:03 | Create | Villager (Male) |
| 2:04 | Create | Villager (Male) |
| 2:10 | Build | House |
| 2:25 | Create | Villager (Male) |
| 2:37 | Create | Villager (Male) |
| 2:51 | Create | Villager (Male) |
| 2:59 | Create | Villager (Male) |
| 3:07 | Build | House |
| 3:25 | Create | Villager (Male) |
| 3:30 | Create | Villager (Male) |
| 3:37 | Create | Villager (Male) |
| 4:01 | Create | Villager (Male) |
| 4:10 | Create | Villager (Male) |
| 4:18 | Build | House |
| 4:20 | Create | Villager (Male) |
| 4:28 | Create | Villager (Male) |
| 5:47 | Build | Mill |
| 5:56 | Build | Lumber Camp |
| 6:11 | Create | Villager (Male) |
| 6:35 | Research | Loom |
| 7:00 | Create | Villager (Male) |
| 7:02 | Research | Feudal Age |
| 7:22 | Build | Barracks |
| 7:28 | Build | House |
| 7:53 | Build | Mining Camp |
| 8:01 | Create | Villager (Male) |
| 8:14 | Build | Palisade Wall |
| 8:17 | Age | Feudal Age |
| 8:20 | Build | Farm |
| 8:21 | Create | Villager (Male) |
| 8:24 | Build | Farm |
| 8:25 | Create | Villager (Male) |
| 8:26 | Create | Villager (Male) |
| 8:31 | Create | Villager (Male) |
| 8:35 | Build | Farm |
| 8:36 | Create | Villager (Male) |
| 8:39 | Build | Farm |
| 8:45 | Create | Villager (Male) |
| 8:49 | Build | Farm |
| 8:50 | Create | Villager (Male) |
| 8:55 | Build | Farm |
| 9:01 | Research | Double-Bit Axe |
| 9:06 | Build | House |
| 9:25 | Build | House |
| 9:34 | Create | Villager (Male) |
| 9:37 | Build | Archery Range |
| 9:40 | Create | Villager (Male) |
| 9:42 | Build | House |
| 10:25 | Build | House |
| 10:34 | Build | Palisade Gate |
| 10:40 | Create | Villager (Male) |
| 10:44 | Build | Farm |
| 10:45 | Build | Farm |
| 10:59 | Build | Market |
| 11:22 | Build | Mining Camp |
| 11:34 | Research | Castle Age |
| 11:45 | Build | House |
| 11:49 | Build | House |
| 11:54 | Research | Stone Mining |
| 12:00 | Research | Gold Mining |
| 12:11 | Build | Farm |
| 12:12 | Build | Farm |
| 12:30 | Build | Blacksmith |
| 12:35 | Build | House |
| 12:39 | Create | Villager (Male) |
| 12:39 | Age | Castle Age |
| 12:48 | Create | Villager (Male) |
| 12:50 | Create | Villager (Male) |
| 12:55 | Build | Town Center |
| 12:57 | Create | Villager (Male) |
| 13:25 | Build | Outpost |
| 13:31 | Create | Villager (Male) |
| 13:40 | Research | Town Watch |
| 13:50 | Build | Outpost |
| 13:58 | Create | Villager (Male) |
| 14:01 | Create | Villager (Male) |
| 14:02 | Create | Villager (Male) |
| 14:03 | Create | Villager (Male) |
| 14:19 | Create | Villager (Male) |
| 14:24 | Build | Outpost |
| 14:32 | Build | Monastery |
| 14:37 | Create | Villager (Male) |
| 14:40 | Build | Farm |
| 14:44 | Build | Farm |
| 14:56 | Create | Monk |
| 15:01 | Create | Villager (Male) |
| 15:03 | Build | Farm |
| 15:05 | Create | Villager (Male) |
| 15:09 | Build | Castle |
| 15:28 | Build | Outpost |
| 15:33 | Research | Wheelbarrow |
| 15:46 | Build | University |
| 15:56 | Create | Villager (Male) |
| 15:57 | Create | Villager (Male) |
| 16:09 | Build | Outpost |
| 16:14 | Research | Hand Cart |
| 16:58 | Create | Villager (Male) |
| 17:08 | Build | Outpost |
| 17:12 | Build | Outpost |
| 17:18 | Research | Imperial Age |
| 17:37 | Create | Elephant Archer |
| 17:51 | Build | Stable |
| 18:01 | Create | Elephant Archer |
| 18:15 | Create | Elephant Archer |
| 18:18 | Build | House |
| 18:27 | Build | Town Center |
| 18:39 | Age | Imperial Age |
| 18:47 | Research | Fletching |
| 18:50 | Create | Elephant Archer |
| 19:05 | Create | Elephant Archer |
| 19:11 | Create | Villager (Male) |
| 19:19 | Build | Outpost |
| 19:22 | Create | Villager (Male) |
| 19:27 | Create | Villager (Male) |
| 19:29 | Create | Villager (Male) |
| 19:35 | Build | Farm |
| 19:43 | Create | Elephant Archer |
| 19:48 | Build | Outpost |
| 19:54 | Create | Villager (Male) |
| 19:55 | Create | Villager (Male) |
| 19:56 | Create | Villager (Male) |
| 19:57 | Create | Villager (Male) |
| 20:00 | Create | Elephant Archer |
| 20:01 | Create | Elephant Archer |
| 20:14 | Build | House |
| 20:17 | Build | House |
| 20:23 | Build | House |
| 20:26 | Build | Farm |
| 20:42 | Create | Elephant Archer |
| 20:43 | Create | Elephant Archer |
| 20:51 | Create | Elephant Archer |
| 20:52 | Create | Elephant Archer |
| 20:57 | Research | Conscription |
| 21:02 | Create | Villager (Male) |
| 21:03 | Create | Villager (Male) |
| 21:14 | Create | Elephant Archer |
| 21:15 | Create | Elephant Archer |
| 21:17 | Create | Villager (Male) |
| 21:22 | Build | Archery Range |
| 21:26 | Create | Villager (Male) |
| 21:27 | Create | Villager (Male) |
| 21:41 | Research | Husbandry |
| 21:46 | Create | Battle Elephant |
| 21:46 | Create | Battle Elephant |
| 21:54 | Build | Stable |
| 21:55 | Build | Stable |
| 22:10 | Create | Elephant Archer |
| 22:11 | Create | Elephant Archer |
Build order — 1176395837
First 150 of 826 actions detected
| 0:28 | Build | Town Center |
| 1:03 | Build | House |
| 1:04 | Build | House |
| 1:43 | Research | Loom |
| 1:44 | Create | Villager (Male) |
| 1:44 | Create | Villager (Male) |
| 1:52 | Create | Villager (Male) |
| 1:52 | Create | Villager (Male) |
| 1:52 | Create | Villager (Male) |
| 3:17 | Create | Villager (Male) |
| 3:18 | Create | Villager (Male) |
| 3:18 | Create | Villager (Male) |
| 3:18 | Create | Villager (Male) |
| 3:18 | Create | Villager (Male) |
| 3:48 | Create | Villager (Male) |
| 3:48 | Create | Villager (Male) |
| 3:49 | Create | Villager (Male) |
| 3:49 | Create | Villager (Male) |
| 4:08 | Build | Palisade Wall |
| 4:12 | Build | Palisade Gate |
| 4:22 | Create | Villager (Male) |
| 4:22 | Create | Villager (Male) |
| 5:02 | Create | Villager (Male) |
| 5:02 | Create | Villager (Male) |
| 5:02 | Create | Villager (Male) |
| 5:03 | Create | Villager (Male) |
| 5:29 | Build | House |
| 6:14 | Create | Villager (Male) |
| 6:14 | Create | Villager (Male) |
| 6:16 | Create | Villager (Male) |
| 6:17 | Create | Villager (Male) |
| 6:17 | Create | Villager (Male) |
| 6:18 | Create | Villager (Male) |
| 6:34 | Create | Villager (Male) |
| 6:35 | Create | Villager (Male) |
| 7:10 | Build | House |
| 7:32 | Create | Villager (Male) |
| 7:32 | Create | Villager (Male) |
| 7:33 | Create | Villager (Male) |
| 7:33 | Create | Villager (Male) |
| 7:56 | Build | Mill |
| 8:12 | Create | Villager (Male) |
| 8:13 | Create | Villager (Male) |
| 8:13 | Create | Villager (Male) |
| 8:13 | Create | Villager (Male) |
| 8:52 | Build | House |
| 8:55 | Build | House |
| 8:56 | Build | House |
| 9:22 | Build | Barracks |
| 10:27 | Build | Mill |
| 11:06 | Build | Palisade Gate |
| 11:39 | Create | Militia |
| 11:40 | Create | Militia |
| 11:40 | Create | Militia |
| 13:36 | Research | Feudal Age |
| 13:37 | Research | Feudal Age |
| 14:10 | Build | Mining Camp |
| 14:28 | Age | Feudal Age |
| 14:45 | Build | Archery Range |
| 14:54 | Build | Blacksmith |
| 15:10 | Build | Mining Camp |
| 15:16 | Create | Archer |
| 15:17 | Create | Archer |
| 15:17 | Create | Archer |
| 15:17 | Create | Archer |
| 15:24 | Build | Archery Range |
| 15:27 | Research | Fletching |
| 15:27 | Research | Fletching |
| 15:28 | Research | Fletching |
| 15:39 | Build | Stone Wall |
| 15:45 | Build | Stone Wall |
| 15:47 | Build | Gate |
| 15:55 | Create | Archer |
| 15:55 | Create | Archer |
| 15:56 | Create | Archer |
| 16:04 | Build | House |
| 16:05 | Build | House |
| 16:27 | Create | Archer |
| 16:47 | Create | Archer |
| 16:48 | Create | Archer |
| 16:48 | Create | Archer |
| 16:49 | Create | Archer |
| 17:29 | Build | Mill |
| 17:40 | Build | Stone Wall |
| 17:42 | Build | Gate |
| 17:51 | Create | Archer |
| 17:51 | Create | Archer |
| 17:53 | Create | Archer |
| 17:54 | Create | Archer |
| 17:54 | Create | Archer |
| 18:28 | Create | Archer |
| 18:29 | Create | Archer |
| 18:29 | Create | Archer |
| 18:29 | Create | Archer |
| 19:16 | Create | Archer |
| 19:16 | Create | Archer |
| 19:37 | Create | Archer |
| 19:37 | Create | Archer |
| 19:43 | Create | Villager (Male) |
| 19:43 | Create | Villager (Male) |
| 19:43 | Create | Villager (Male) |
| 19:50 | Build | Lumber Camp |
| 20:12 | Create | Archer |
| 20:13 | Create | Archer |
| 20:22 | Create | Villager (Male) |
| 20:22 | Create | Villager (Male) |
| 20:24 | Build | Farm |
| 20:25 | Build | Farm |
| 20:27 | Build | Farm |
| 20:29 | Build | Farm |
| 20:33 | Build | Farm |
| 20:34 | Build | Farm |
| 20:35 | Create | Villager (Male) |
| 20:36 | Create | Villager (Male) |
| 21:06 | Build | House |
| 21:07 | Build | House |
| 21:09 | Build | House |
| 21:16 | Create | Archer |
| 21:17 | Create | Archer |
| 21:17 | Create | Archer |
| 21:18 | Create | Archer |
| 21:18 | Create | Archer |
| 21:18 | Create | Archer |
| 21:32 | Create | Villager (Male) |
| 21:33 | Create | Villager (Male) |
| 21:33 | Create | Villager (Male) |
| 21:48 | Build | Mining Camp |
| 22:00 | Create | Archer |
| 22:01 | Create | Archer |
| 22:03 | Create | Archer |
| 22:03 | Create | Archer |
| 22:03 | Create | Archer |
| 22:17 | Create | Villager (Male) |
| 23:20 | Create | Archer |
| 23:21 | Create | Archer |
| 23:21 | Create | Archer |
| 23:21 | Create | Archer |
| 23:22 | Create | Archer |
| 23:22 | Create | Archer |
| 23:22 | Create | Archer |
| 24:14 | Research | Castle Age |
| 24:15 | Research | Castle Age |
| 24:37 | Build | Watch Tower |
| 25:18 | Age | Castle Age |
| 25:31 | Build | Town Center |
| 26:10 | Build | Castle |
| 26:17 | Research | Bodkin Arrow |
| 26:17 | Research | Bodkin Arrow |
| 26:18 | Research | Bodkin Arrow |
| 26:22 | Research | Crossbowman (upgrade) |
Build order — Bestio
First 150 of 1518 actions detected
| 0:33 | Build | Town Center |
| 1:34 | Build | House |
| 1:36 | Build | House |
| 1:39 | Create | Villager (Male) |
| 1:39 | Create | Villager (Male) |
| 1:40 | Create | Villager (Male) |
| 1:40 | Create | Villager (Male) |
| 1:40 | Create | Villager (Male) |
| 1:42 | Research | Loom |
| 3:15 | Create | Villager (Male) |
| 3:27 | Create | Villager (Male) |
| 3:27 | Create | Villager (Male) |
| 3:39 | Create | Villager (Male) |
| 3:39 | Create | Villager (Male) |
| 4:51 | Create | Villager (Male) |
| 4:51 | Create | Villager (Male) |
| 5:04 | Create | Villager (Male) |
| 5:05 | Create | Villager (Male) |
| 5:16 | Create | Villager (Male) |
| 5:30 | Create | Villager (Male) |
| 5:31 | Create | Villager (Male) |
| 5:37 | Create | Villager (Male) |
| 5:37 | Create | Villager (Male) |
| 6:05 | Create | Villager (Male) |
| 6:05 | Create | Villager (Male) |
| 6:19 | Build | House |
| 6:21 | Build | House |
| 6:28 | Build | Mill |
| 6:41 | Build | Mining Camp |
| 6:43 | Build | House |
| 6:48 | Create | Villager (Male) |
| 7:59 | Research | Feudal Age |
| 9:01 | Age | Feudal Age |
| 9:15 | Build | Market |
| 9:20 | Build | Blacksmith |
| 9:22 | Create | Villager (Male) |
| 9:23 | Create | Villager (Male) |
| 9:30 | Build | Lumber Camp |
| 10:08 | Research | Castle Age |
| 10:11 | Build | House |
| 10:16 | Research | Double-Bit Axe |
| 10:17 | Research | Horse Collar |
| 10:21 | Build | Farm |
| 10:22 | Build | Farm |
| 10:23 | Build | Farm |
| 10:24 | Build | Farm |
| 10:25 | Build | Farm |
| 10:42 | Build | House |
| 10:43 | Build | House |
| 11:11 | Build | Barracks |
| 11:16 | Age | Castle Age |
| 11:17 | Build | Palisade Gate |
| 11:22 | Create | Villager (Male) |
| 11:38 | Build | Town Center |
| 11:55 | Research | Wheelbarrow |
| 11:57 | Research | Bow Saw |
| 12:04 | Build | Stable |
| 12:24 | Research | Heavy Plow |
| 12:32 | Create | Villager (Male) |
| 12:41 | Build | Farm |
| 12:43 | Build | Farm |
| 12:49 | Research | Husbandry |
| 12:52 | Build | Farm |
| 12:56 | Create | Villager (Male) |
| 12:56 | Create | Villager (Male) |
| 12:59 | Create | Knight |
| 13:09 | Build | Farm |
| 13:10 | Build | Farm |
| 13:14 | Create | Villager (Male) |
| 13:14 | Create | Villager (Male) |
| 13:18 | Build | Farm |
| 13:25 | Create | Knight |
| 13:32 | Create | Villager (Male) |
| 13:32 | Create | Villager (Male) |
| 13:39 | Create | Knight |
| 13:45 | Research | Gold Mining |
| 13:50 | Build | Town Center |
| 13:59 | Create | Knight |
| 13:59 | Create | Knight |
| 14:09 | Research | Gold Shaft Mining |
| 14:11 | Create | Villager (Male) |
| 14:11 | Create | Villager (Male) |
| 14:20 | Build | Farm |
| 14:22 | Create | Villager (Male) |
| 14:26 | Build | Farm |
| 14:27 | Build | Farm |
| 14:29 | Build | Farm |
| 14:30 | Build | Farm |
| 14:32 | Build | Farm |
| 14:35 | Create | Villager (Male) |
| 14:35 | Create | Villager (Male) |
| 14:48 | Research | Scale Barding Armor |
| 14:52 | Research | Forging |
| 14:53 | Create | Villager (Male) |
| 14:54 | Create | Villager (Male) |
| 15:04 | Create | Villager (Male) |
| 15:04 | Create | Villager (Male) |
| 15:16 | Build | Town Center |
| 15:32 | Research | Hand Cart |
| 15:32 | Research | Hand Cart |
| 15:33 | Research | Hand Cart |
| 15:35 | Create | Villager (Male) |
| 15:35 | Create | Villager (Male) |
| 15:50 | Create | Villager (Male) |
| 15:50 | Create | Villager (Male) |
| 15:52 | Research | Stone Mining |
| 15:56 | Build | Farm |
| 15:59 | Build | Farm |
| 16:00 | Build | Farm |
| 16:03 | Create | Villager (Male) |
| 16:03 | Create | Villager (Male) |
| 16:29 | Create | Villager (Male) |
| 16:29 | Create | Villager (Male) |
| 16:30 | Create | Villager (Male) |
| 16:34 | Build | Farm |
| 16:35 | Build | Farm |
| 16:38 | Create | Villager (Male) |
| 16:39 | Create | Villager (Male) |
| 16:43 | Build | Farm |
| 16:48 | Create | Villager (Male) |
| 16:49 | Create | Villager (Male) |
| 16:49 | Create | Villager (Male) |
| 16:49 | Create | Villager (Male) |
| 16:51 | Create | Villager (Male) |
| 16:51 | Create | Villager (Male) |
| 16:55 | Build | Farm |
| 17:01 | Build | Lumber Camp |
| 17:06 | Build | Castle |
| 17:09 | Create | Villager (Male) |
| 17:09 | Create | Villager (Male) |
| 17:14 | Create | Villager (Male) |
| 17:15 | Create | Villager (Male) |
| 17:17 | Build | Farm |
| 17:20 | Build | Farm |
| 17:24 | Create | Villager (Male) |
| 17:24 | Create | Villager (Male) |
| 17:26 | Build | House |
| 17:27 | Build | House |
| 17:28 | Build | House |
| 17:29 | Build | House |
| 17:35 | Build | House |
| 17:47 | Create | Villager (Male) |
| 17:48 | Create | Villager (Male) |
| 18:02 | Research | Imperial Age |
| 18:05 | Create | Serjeant |
| 18:05 | Create | Serjeant |
| 18:05 | Create | Serjeant |
| 18:10 | Research | Scale Mail Armor |
| 18:12 | Create | Villager (Male) |
| 18:12 | Create | Villager (Male) |
Build order — Svel Ondska
First 150 of 473 actions detected
| 0:53 | Build | Town Center |
| 1:06 | Build | House |
| 2:41 | Create | Villager (Male) ×4 |
| 3:59 | Build | House |
| 4:04 | Create | Villager (Male) |
| 4:36 | Build | House |
| 5:16 | Create | Villager (Male) |
| 5:17 | Create | Villager (Male) |
| 5:17 | Create | Villager (Male) |
| 5:17 | Create | Villager (Male) |
| 5:32 | Build | Lumber Camp |
| 6:50 | Build | Mill |
| 7:16 | Create | Villager (Male) |
| 7:16 | Create | Villager (Male) |
| 7:21 | Create | Villager (Male) |
| 7:22 | Create | Villager (Male) |
| 8:30 | Research | Feudal Age |
| 8:37 | Build | Mining Camp |
| 9:47 | Age | Feudal Age |
| 10:06 | Research | Wheelbarrow |
| 10:07 | Create | Villager (Male) |
| 10:07 | Create | Villager (Male) |
| 10:07 | Create | Villager (Male) |
| 11:07 | Build | House |
| 11:09 | Build | House |
| 11:10 | Build | House |
| 11:18 | Build | House |
| 11:36 | Build | Blacksmith |
| 12:18 | Build | Barracks |
| 12:32 | Create | Villager (Male) |
| 12:33 | Create | Villager (Male) |
| 12:58 | Build | Market |
| 13:35 | Research | Castle Age |
| 13:46 | Build | Stable |
| 13:52 | Build | Archery Range |
| 14:39 | Age | Castle Age |
| 14:44 | Build | Siege Workshop |
| 15:18 | Build | Mill |
| 15:32 | Build | Farm |
| 15:55 | Research | Stone Mining |
| 15:56 | Research | Gold Mining |
| 16:00 | Create | Villager (Male) |
| 16:00 | Create | Villager (Male) |
| 16:04 | Create | Villager (Male) |
| 16:30 | Build | Town Center |
| 16:34 | Research | Hand Cart |
| 16:38 | Research | Town Watch |
| 16:39 | Research | Loom |
| 16:40 | Create | Villager (Male) |
| 16:41 | Create | Villager (Male) |
| 17:16 | Build | Farm |
| 17:18 | Build | Farm |
| 17:19 | Build | Farm |
| 17:21 | Build | Farm |
| 17:22 | Build | Farm |
| 17:32 | Create | Villager (Male) |
| 17:34 | Create | Villager (Male) |
| 18:09 | Build | Stone Wall |
| 18:16 | Build | Stone Wall |
| 18:22 | Build | Gate |
| 18:33 | Build | Farm |
| 18:36 | Build | Farm |
| 18:40 | Build | Farm |
| 18:42 | Build | Farm |
| 18:44 | Build | Farm |
| 18:48 | Create | Villager (Male) |
| 18:48 | Create | Villager (Male) |
| 18:51 | Create | Villager (Male) |
| 18:51 | Create | Villager (Male) |
| 18:55 | Research | Horse Collar |
| 19:44 | Create | Villager (Male) |
| 19:44 | Create | Villager (Male) |
| 19:44 | Create | Villager (Male) |
| 19:48 | Create | Villager (Male) |
| 19:48 | Create | Villager (Male) |
| 19:48 | Create | Villager (Male) |
| 19:49 | Create | Villager (Male) |
| 19:49 | Create | Villager (Male) |
| 19:49 | Create | Villager (Male) |
| 19:53 | Research | Double-Bit Axe |
| 19:56 | Research | Heavy Plow |
| 19:59 | Build | Farm |
| 20:15 | Build | Farm |
| 20:39 | Build | University |
| 20:43 | Build | Monastery |
| 21:19 | Research | Bow Saw |
| 21:31 | Create | Monk |
| 21:43 | Research | Imperial Age |
| 21:58 | Build | Watch Tower |
| 22:07 | Create | Villager (Male) |
| 22:08 | Create | Villager (Male) |
| 22:08 | Create | Villager (Male) |
| 22:14 | Create | Villager (Male) |
| 22:14 | Create | Villager (Male) |
| 22:14 | Create | Villager (Male) |
| 22:19 | Research | Fortified Wall (upgrade) |
| 22:21 | Research | Ballistics |
| 22:43 | Research | Town Patrol |
| 22:53 | Build | Mining Camp |
| 22:59 | Age | Imperial Age |
| 23:07 | Research | Crop Rotation |
| 23:15 | Create | Villager (Male) |
| 23:15 | Create | Villager (Male) |
| 23:16 | Create | Villager (Male) |
| 23:16 | Create | Villager (Male) |
| 23:16 | Create | Villager (Male) |
| 23:24 | Build | House |
| 23:25 | Build | House |
| 23:27 | Build | House |
| 23:28 | Build | House |
| 23:28 | Build | House |
| 23:29 | Build | House |
| 23:33 | Research | Padded Archer Armor |
| 23:34 | Research | Fletching |
| 23:34 | Research | Forging |
| 23:35 | Research | Scale Mail Armor |
| 23:50 | Build | Farm |
| 23:51 | Build | Farm |
| 23:59 | Research | Guard Tower (upgrade) |
| 24:05 | Research | Stone Shaft Mining |
| 24:12 | Create | Villager (Male) |
| 24:20 | Create | Villager (Male) |
| 24:46 | Build | Stone Wall |
| 24:52 | Build | Gate |
| 25:00 | Build | House |
| 25:03 | Build | House |
| 25:05 | Build | House |
| 25:06 | Build | House |
| 25:07 | Build | House |
| 25:09 | Build | House |
| 25:11 | Build | House |
| 25:57 | Research | Scale Barding Armor |
| 25:57 | Research | Chain Mail Armor |
| 25:58 | Research | Leather Archer Armor |
| 25:58 | Research | Bodkin Arrow |
| 25:58 | Research | Iron Casting |
| 26:01 | Create | Villager (Male) |
| 26:01 | Create | Villager (Male) |
| 26:01 | Create | Villager (Male) |
| 26:02 | Create | Villager (Male) |
| 26:04 | Create | Villager (Male) |
| 26:04 | Create | Villager (Male) |
| 26:04 | Create | Villager (Male) |
| 26:05 | Create | Villager (Male) |
| 26:08 | Research | Treadmill Crane |
| 26:10 | Research | Murder Holes |
| 26:15 | Create | Mangonel |
| 26:16 | Create | Mangonel |
| 26:16 | Create | Mangonel |
| 26:16 | Create | Mangonel |
Build order — kyo00113
First 150 of 686 actions detected
| 0:15 | Build | Town Center |
| 1:32 | Build | House |
| 1:37 | Create | Villager (Male) |
| 1:38 | Create | Villager (Male) |
| 1:39 | Create | Villager (Male) |
| 1:39 | Create | Villager (Male) |
| 2:41 | Create | Villager (Male) |
| 2:42 | Create | Villager (Male) |
| 3:07 | Build | House |
| 3:16 | Create | Villager (Male) |
| 3:17 | Create | Villager (Male) |
| 3:17 | Create | Villager (Male) |
| 3:52 | Create | Villager (Male) |
| 3:52 | Create | Villager (Male) |
| 3:52 | Create | Villager (Male) |
| 4:58 | Create | Villager (Male) |
| 6:03 | Build | Mining Camp |
| 6:22 | Build | Lumber Camp |
| 6:34 | Research | Feudal Age |
| 6:34 | Research | Feudal Age |
| 6:34 | Research | Feudal Age |
| 7:23 | Age | Feudal Age |
| 7:38 | Create | Villager (Male) |
| 7:54 | Build | Blacksmith |
| 8:11 | Create | Villager (Male) |
| 8:11 | Create | Villager (Male) |
| 9:15 | Build | Mill |
| 9:29 | Research | Scale Barding Armor |
| 9:36 | Create | Villager (Male) |
| 9:36 | Create | Villager (Male) |
| 9:36 | Create | Villager (Male) |
| 9:37 | Create | Villager (Male) |
| 9:52 | Build | Farm |
| 10:21 | Build | Market |
| 10:36 | Research | Double-Bit Axe |
| 10:54 | Build | House |
| 11:31 | Build | Farm |
| 11:35 | Build | Farm |
| 11:45 | Build | House |
| 13:02 | Build | Barracks |
| 13:27 | Build | Mining Camp |
| 13:30 | Create | Villager (Male) |
| 13:30 | Create | Villager (Male) |
| 13:30 | Create | Villager (Male) |
| 13:30 | Create | Villager (Male) |
| 13:31 | Create | Villager (Male) |
| 13:41 | Research | Gold Mining |
| 13:46 | Research | Padded Archer Armor |
| 13:57 | Build | Stable |
| 14:12 | Create | Villager (Male) |
| 14:12 | Create | Villager (Male) |
| 14:13 | Create | Villager (Male) |
| 14:13 | Create | Villager (Male) |
| 14:27 | Build | Farm |
| 14:38 | Create | Scout Cavalry |
| 14:38 | Create | Scout Cavalry |
| 14:46 | Build | Archery Range |
| 14:58 | Build | Farm |
| 15:00 | Build | Farm |
| 15:15 | Build | Farm |
| 16:16 | Research | Bloodlines |
| 16:19 | Research | Scale Barding Armor |
| 16:37 | Build | Farm |
| 16:39 | Build | Farm |
| 16:45 | Create | Scout Cavalry |
| 16:46 | Create | Scout Cavalry |
| 16:51 | Create | Skirmisher |
| 18:09 | Build | Farm |
| 18:11 | Build | Farm |
| 19:05 | Create | Scout Cavalry |
| 19:05 | Create | Scout Cavalry |
| 19:15 | Create | Villager (Male) |
| 19:15 | Create | Villager (Male) |
| 19:15 | Create | Villager (Male) |
| 20:00 | Build | House |
| 20:01 | Build | House |
| 20:03 | Build | House |
| 20:04 | Build | House |
| 20:06 | Build | House |
| 20:25 | Research | Castle Age |
| 21:00 | Research | Wheelbarrow |
| 21:26 | Age | Castle Age |
| 21:29 | Build | Mining Camp |
| 21:40 | Create | Villager (Male) |
| 21:40 | Create | Villager (Male) |
| 21:40 | Create | Villager (Male) |
| 21:41 | Create | Villager (Male) |
| 21:41 | Create | Villager (Male) |
| 22:01 | Research | Husbandry |
| 22:03 | Research | Light Cavalry (upgrade) |
| 22:06 | Research | Parthian Tactics |
| 22:16 | Create | Trade Cart |
| 22:17 | Create | Trade Cart |
| 22:17 | Create | Trade Cart |
| 22:17 | Research | Caravan |
| 22:31 | Build | Castle |
| 23:10 | Build | Monastery |
| 23:30 | Build | Farm |
| 23:37 | Create | Villager (Male) |
| 23:38 | Create | Villager (Male) |
| 23:38 | Create | Villager (Male) |
| 24:10 | Build | Mining Camp |
| 24:17 | Create | Monk |
| 24:48 | Build | Town Center |
| 25:05 | Build | Mining Camp |
| 25:15 | Create | War Elephant |
| 25:15 | Create | War Elephant |
| 25:15 | Create | War Elephant |
| 25:53 | Research | Kamandaran |
| 26:15 | Research | Hand Cart |
| 26:16 | Create | Villager (Male) |
| 26:16 | Create | Villager (Male) |
| 26:17 | Create | Villager (Male) |
| 26:17 | Create | Villager (Male) |
| 26:17 | Create | Villager (Male) |
| 26:17 | Create | Villager (Male) |
| 26:22 | Create | Villager (Male) |
| 26:22 | Create | Villager (Male) |
| 26:23 | Create | Villager (Male) |
| 26:23 | Create | Villager (Male) |
| 26:23 | Research | Loom |
| 26:29 | Create | Camel Scout |
| 26:29 | Create | Camel Scout |
| 26:29 | Create | Camel Scout |
| 26:30 | Create | Camel Scout |
| 26:30 | Create | Camel Scout |
| 26:30 | Create | Camel Scout |
| 27:02 | Create | War Elephant |
| 27:03 | Create | War Elephant |
| 27:03 | Create | War Elephant |
| 27:34 | Build | Castle |
| 28:05 | Create | War Elephant |
| 28:05 | Create | War Elephant |
| 28:05 | Create | War Elephant |
| 28:05 | Create | War Elephant |
| 29:13 | Create | Villager (Male) |
| 29:13 | Create | Villager (Male) |
| 29:13 | Create | Villager (Male) |
| 29:13 | Create | Villager (Male) |
| 29:14 | Create | Villager (Male) |
| 29:21 | Create | Cavalry Archer |
| 29:21 | Create | Cavalry Archer |
| 29:22 | Create | Cavalry Archer |
| 29:28 | Research | Chain Barding Armor |
| 29:51 | Build | Farm |
| 29:53 | Build | Farm |
| 30:05 | Build | Farm |
| 30:07 | Build | Farm |
| 30:10 | Build | Farm |
| 30:12 | Build | Farm |
Match timeline
| 3:59 | AchtungMamba · wall_segment Palisade Wall x6 |
| 4:08 | 1176395837 · wall_segment Palisade Wall x6 |
| 6:06 | AchtungMamba · wall_segment Palisade Wall x1 |
| 7:22 | Dealer21 · first_building Barracks |
| 7:23 | kyo00113 · age_up feudal |
| 8:14 | Dealer21 · wall_segment Palisade Wall x9 |
| 8:17 | Dealer21 · age_up feudal |
| 8:31 | Jan301198 · age_up feudal |
| 8:55 | AchtungMamba · wall_segment Palisade Wall x11 |
| 8:56 | AchtungMamba · wall_segment Palisade Wall x3 |
| 9:01 | Bestio · age_up feudal |
| 9:22 | 1176395837 · first_building Barracks |
| 9:37 | Dealer21 · first_building Archery Range |
| 9:47 | Svel Ondska · age_up feudal |
| 10:04 | AchtungMamba · first_building Barracks |
| 10:50 | AchtungMamba · wall_segment Palisade Wall x1 |
| 11:11 | Bestio · first_building Barracks |
| 11:16 | Bestio · age_up castle |
| 12:04 | Bestio · first_building Stable |
| 12:04 | DoubleLime3966 · first_building Barracks |
| 12:18 | Svel Ondska · first_building Barracks |
| 12:39 | Dealer21 · age_up castle |
| 12:45 | DoubleLime3966 · wall_segment Stone Wall x24 |
| 12:46 | Jan301198 · first_market_sell 100 food |
| 12:56 | DoubleLime3966 · first_building Stable |
| 13:02 | kyo00113 · first_building Barracks |
| 13:23 | Bestio · first_market_buy 100 food |
| 13:40 | AchtungMamba · wall_segment Palisade Wall x1 |
| 13:46 | Svel Ondska · first_building Stable |
| 13:52 | Svel Ondska · first_building Archery Range |
| 13:57 | kyo00113 · first_building Stable |
| 14:28 | 1176395837 · age_up feudal |
| 14:32 | Dealer21 · first_building Monastery |
| 14:38 | Jan301198 · first_building Barracks |
| 14:39 | Svel Ondska · age_up castle |
| 14:44 | Svel Ondska · first_building Siege Workshop |
| 14:45 | 1176395837 · first_building Archery Range |
| 14:46 | kyo00113 · first_building Archery Range |
| 15:09 | Dealer21 · first_building Castle |
| 15:13 | AchtungMamba · wall_segment Palisade Wall x1 |
| 15:14 | AchtungMamba · wall_segment Palisade Wall x1 |
| 15:37 | Jan301198 · age_up castle |
| 15:39 | 1176395837 · wall_segment Stone Wall x6 |
| 15:45 | 1176395837 · wall_segment Stone Wall x5 |
| 16:02 | AchtungMamba · wall_segment Palisade Wall x1 |
| 16:05 | DoubleLime3966 · wall_segment Stone Wall x6 |
| 16:37 | Jan301198 · first_market_buy 100 stone |
| 16:39 | DoubleLime3966 · wall_segment Stone Wall x18 |
| 17:06 | Bestio · first_building Castle |
| 17:08 | AchtungMamba · wall_segment Palisade Wall x1 |
| 17:40 | 1176395837 · wall_segment Stone Wall x5 |
| 17:51 | Dealer21 · first_building Stable |
| 17:52 | Bestio · first_market_sell 100 food |
| 18:09 | Svel Ondska · wall_segment Stone Wall x27 |
| 18:16 | Svel Ondska · wall_segment Stone Wall x11 |
| 18:39 | Dealer21 · age_up imperial |
| 18:59 | AchtungMamba · age_up feudal |
| 19:08 | Bestio · first_building Siege Workshop |
| 19:34 | Bestio · age_up imperial |
| 20:30 | DoubleLime3966 · first_building Castle |
| 20:36 | Bestio · first_building Donjon |
| 20:43 | Svel Ondska · first_building Monastery |
| 21:26 | kyo00113 · age_up castle |
| 22:31 | kyo00113 · first_building Castle |
| 22:44 | Jan301198 · first_building Monastery |
| 22:54 | Jan301198 · first_building Stable |
| 22:59 | Svel Ondska · age_up imperial |
| 23:10 | kyo00113 · first_building Monastery |
| 23:49 | AchtungMamba · first_market_buy 100 stone |
| 24:46 | Svel Ondska · wall_segment Stone Wall x22 |
| 25:18 | 1176395837 · age_up castle |
| 25:21 | Jan301198 · first_building Castle |
| 25:40 | Jan301198 · first_building Archery Range |
| 26:10 | 1176395837 · first_building Castle |
| 26:49 | AchtungMamba · first_market_sell 100 wood |
| 27:13 | Jan301198 · age_up imperial |
| 28:15 | AchtungMamba · first_building Archery Range |
| 28:16 | AchtungMamba · first_building Stable |
| 30:19 | Svel Ondska · first_building Castle |
| 31:34 | kyo00113 · age_up imperial |
| 32:32 | AchtungMamba · resign |
| 32:49 | 1176395837 · age_up imperial |
| 35:59 | 1176395837 · first_building Stable |
| 36:51 | Svel Ondska · wall_segment Stone Wall x22 |
| 36:57 | Jan301198 · first_building Siege Workshop |
| 39:05 | 1176395837 · wall_segment Stone Wall x7 |
| 55:17 | Svel Ondska · wall_segment Stone Wall x27 |
| 58:52 | Svel Ondska · wall_segment Stone Wall x4 |
| 59:59 | 1176395837 · wall_segment Stone Wall x5 |
| 67:41 | Svel Ondska · first_market_buy 100 stone |
[ AI ANALYSIS · 1 CREDIT ]
What really happened in this match?
Wolo.gg analyzes every decision: build order, eco, micro, common mistakes by bracket. Personalized analysis on WhatsApp or Discord in 30 seconds.
Civ guide
Teutons
Map guide
Land Nomad
Perfil
AchtungMamba